Map: Nightscape LE

Players

SLicKcHeeZEE - Winner!

  • Race: Zerg Zerg
  • Spawn Location: 1:00

A.I. 1 (Very Hard)

  • Race: Terran Terran
  • Spawn Location: 7:00

VOD

Have the link to the VOD?

Description

Time

  • Played on: Sept. 4, 2026, 3:42 p.m.
  • Length: 12:25
Show
View Real Time Build Order
Export as new Build Order

SLicKcHeeZEE Zerg - Winner!

Build Orders: Hatch First, Roach Hydra 

Get SALT Encoding   

  8  0:00  Drone  
  9  0:11  Drone  
  10  0:16  Drone  
  11  0:27  Overlord  
  11  0:33  Drone  
  12  0:45  Drone x2  
  14  0:51  Drone  
  15  1:13  Hatchery  
  15  1:16  Drone  
  15  1:20  Drone  
  16  1:34  Spawning Pool  
  16  1:38  Extractor  
  14  1:40  Drone  
  14  1:44  Drone  
  16  1:47  Drone  
  16  1:51  Drone  
  18  2:00  Overlord  
  18  2:11  Drone  
  19  2:21  Queen  
  21  2:26  Queen  
  23  2:32  Drone  
  23  2:33  Drone  
  25  2:40  Overlord  
  25  2:48  Drone x2  
  27  2:53  Drone  
  27  2:56  Drone  
  29  3:10  Lair  
  29  3:13  Roach Warren  
  29  3:17  Drone  
  29  3:18  Drone  
  30  3:21  Overlord  
  30  3:24  Drone  
  31  3:27  Drone  
  32  3:34  Drone  
  32  3:35  Drone  
  34  3:42  Drone x2  
  34  3:46  Extractor  
  34  3:48  Drone  
  36  3:49  Drone  
  36  3:54  Roach x3  
  36  3:55  Roach  
  45  4:00  Overlord  
  45  4:03  Drone x2  
  45  4:05  Drone  
  48  4:13  Hydralisk Den  
  47  4:29  Extractor  
  47  4:30  Extractor  
  45  4:34  Hatchery, Evolution Chamber  
  45  4:36  Evolution Chamber  
  45  4:37  Drone x3  
  45  4:43  Hydralisk x2  
  49  4:48  Drone x3  
  52  4:52  Overlord  
  52  4:58  Glial Reconstitution  
  52  5:01  Grooved Spines  
  52  5:10  Zerg Missile Weapons Level 1  
  52  5:12  Overlord  
  52  5:21  Zerg Ground Armor Level 1  
  52  5:23  Overlord  
  52  5:25  Overlord  
  52  5:30  Queen  
  54  5:36  Drone x3  
  57  5:50  Overlord  
  57  5:51  Muscular Augments  
  57  6:08  Roach x3, Hydralisk x2  
  57  6:10  Roach x2  
  71  6:16  Overlord  
  71  6:31  Hydralisk x3  
  77  6:33  Overlord  
  77  6:43  Queen  
  77  6:47  Overlord  
  79  6:49  Roach x3  
  85  6:56  Drone  
  85  6:57  Drone  
  87  7:13  Zerg Missile Weapons Level 2  
  87  7:16  Zerg Ground Armor Level 2  
  87  7:20  Drone x3, Overlord  
  90  7:24  Roach x2  
  90  7:25  Hydralisk, Roach  
  98  7:47  Overlord  
  98  7:54  Roach x5  
  98  7:56  Hydralisk x2  
  98  7:58  Hydralisk, Roach x2  
  116  8:00  Overlord  
  118  8:23  Overlord  
  118  8:39  Ravager  
  118  8:40  Ravager x2  
  121  8:42  Overlord x2  
  121  8:51  Roach x3, Hydralisk x2  
  121  8:52  Hydralisk, Roach x3  
  139  9:05  Overlord  
  139  9:10  Roach x3, Hydralisk x2  
  139  9:12  Hydralisk, Roach x3  
  157  9:31  Hatchery  
  140  9:57  Roach  
  140  9:58  Roach x2, Hydralisk x2  
  140  9:59  Hydralisk x2, Roach x3  
  156  10:08  Hydralisk x3  
  156  10:09  Hydralisk  
  156  10:10  Roach x4  
  150  11:49  Roach  
  150  11:50  Hydralisk  
  150  11:51  Hydralisk x11  
Show
View Real Time Build Order
Export as new Build Order

A.I. 1 (Very Hard) Terran 

Build Orders: 2 Factory, Mech 

Get SALT Encoding   

  8  0:00  SCV  
  9  0:13  SCV  
  10  0:25  SCV  
  11  0:37  SCV  
  12  0:46  Supply Depot  
  12  0:49  SCV  
  13  1:07  SCV  
  13  1:09  Barracks  
  14  1:20  SCV  
  15  1:32  SCV  
  16  1:44  SCV  
  17  1:49  Refinery  
  17  1:56  SCV, Marine  
  17  1:59  Supply Depot  
  19  2:08  SCV  
  20  2:12  Refinery  
  20  2:14  Marine  
  21  2:20  SCV  
  22  2:32  Marine  
  22  2:33  SCV  
  24  2:45  SCV  
  24  2:47  Factory  
  24  2:50  Marine  
  26  2:57  SCV  
  26  3:06  Factory  
  26  3:07  Marine  
  26  3:09  SCV  
  28  3:21  SCV  
  28  3:23  Supply Depot  
  29  3:44  Factory Tech Lab, Marine, SCV  
  31  3:57  SCV  
  31  4:02  Marine  
  33  4:09  SCV  
  34  4:16  Barracks  
  34  4:20  Marine  
  34  4:21  SCV  
  36  4:30  Supply Depot  
  36  4:33  SCV  
  37  4:52  SCV, Siege Tank, Hellion  
  43  5:04  Supply Depot, SCV  
  44  5:15  Barracks Tech Lab  
  44  5:16  SCV  
  45  5:21  Command Center  
  45  5:25  Siege Tank, Hellion  
  50  5:28  Orbital Command, Supply Depot  
  50  5:46  Factory  
  50  5:47  Hellion  
  52  5:52  Supply Depot  
  52  5:57  Siege Tank  
  55  6:08  Hellion  
  57  6:17  Supply Depot  
  57  6:19  Infernal Pre-Igniter  
  57  6:22  Marine  
  57  6:23  Marine  
  59  6:29  Hellion, Siege Tank  
  59  6:30  Factory Tech Lab  
  64  6:33  SCV x2  
  66  6:45  Marauder, SCV  
  69  6:47  SCV  
  69  6:48  Siege Tank  
  69  6:50  Hellion  
  75  6:57  SCV  
  75  6:59  Armory  
  76  7:02  Siege Tank  
  76  7:05  SCV  
  76  7:06  Marauder  
  82  7:10  SCV  
  82  7:11  Supply Depot  
  83  7:17  SCV  
  83  7:22  SCV, Engineering Bay  
  85  7:28  Marauder  
  85  7:29  SCV  
  88  7:34  SCV  
  88  7:35  Supply Depot  
  89  7:41  SCV  
  89  7:46  SCV, Engineering Bay  
  89  7:48  Terran Vehicle Weapons Level 1, Terran Infantry Armor Level 1  
  89  7:49  Marauder  
  92  7:53  SCV  
  92  7:55  Refinery  
  93  8:01  Refinery  
  93  8:05  Orbital Command  
  93  8:09  Missile Turret  
  93  8:12  Terran Infantry Weapons Level 1, Armory  
  93  8:13  Missile Turret  
  93  8:17  SCV  
  93  8:19  Supply Depot  
  94  8:25  Cyclone  
  97  8:29  SCV  
  97  8:31  SCV  
  99  8:34  Cyclone  
  99  8:36  Hellion  
  104  8:41  SCV  
  104  8:42  Supply Depot  
  104  8:43  SCV  
  106  8:51  Marine  
  106  8:52  Marine  
  106  8:54  Stimpack  
  108  8:57  Hellion  
  108  8:58  Widow Mine  
  108  8:59  Terran Vehicle And Ship Armor Level 1  
  112  9:06  Command Center  
  112  9:07  Widow Mine  
  114  9:13  Missile Turret  
  114  9:19  Widow Mine, Supply Depot  
  114  9:22  Widow Mine  
  118  9:27  Starport  
  118  9:35  Missile Turret  
  118  9:43  Supply Depot  
  118  9:47  Marauder  
  118  9:51  Marine  
  73  10:00  Siege Tank  
  73  10:04  Medivac  
  73  10:05  Siege Tank  
  81  10:07  Marine  
  81  10:08  Marine  
  81  10:09  Hellion  
  81  10:21  Refinery  
  81  10:22  SCV  
  81  10:23  SCV x2  
  81  10:25  Marine  
  81  10:26  Marine  
  84  10:30  Hellion  
  84  10:33  Siege Tank  
  84  10:34  SCV  
  90  10:35  Starport Tech Lab, SCV  
  90  10:36  SCV  
  90  10:38  Hellion  
  84  10:44  Marine  
  84  10:46  SCV  
  84  10:47  SCV  
  84  10:48  SCV  
  79  10:52  Hellion  
  79  10:56  Raven  
  70  10:58  SCV  
  70  11:00  SCV  
  70  11:01  SCV  
  70  11:03  Barracks Tech Lab  
  62  11:05  Hellion, Marine  
  59  11:12  SCV  
  59  11:13  SCV, Hellion  
  53  11:24  SCV  
  53  11:25  SCV  
  47  11:26  Siege Tank  
  47  11:27  Barracks  
  47  11:35  Hellion  
  47  11:37  SCV  
  27  11:49  SCV  
  27  11:50  Barracks  
  27  11:56  Factory Tech Lab  
  23  12:01  SCV  
Tags
 
Add a new tag
Caveats
  • Supply blocks, unpowered buildings, or Contaminate may cause inaccurate times.
  • Supply counts are checked every 10 seconds.